AoeStats
← the shy

Nomad

504684154Analyzed
4v4 RM · 27d ago on Sep 6, 2026· 32m 35s· 8 players
Game mode
Random Map
Map size
231×231
Population
200
Speed
Normal
Resources
Standard
Victory
Conquest
Starting age
Dark Age
Ending age
Imperial Age
RankedLock teamsTeams togetherTeam positionsShared explorationLock speedFull tech treeHidden civsTurbo modeCheats
Victory
Defeat
🇩🇪 Tatars · Germany
1623
+14
🇩🇪 Lithuanians · Germany
1594
+15
🇵🇹 Aztecs · Portugal
1592
+15
🇨🇳 Sicilians · China
1484
+19
🇭🇰 Dravidians · Hong Kong SAR China
1606
-17
🇨🇳 Saracens · China
1595
-17
🇮🇳 Berbers · India
1543
-15
🇭🇰 Burgundians · Hong Kong SAR China
1529
-14
NotATeamPlayer
5:01 Loom
13:49 Feudal Age
19:09 Castle Age
17:04 Double-Bit Axe
17:33 Horse Collar
20:10 Fletching
20:53 Bow Saw
25:15 Bodkin Arrow
29:53 Town Watch
STephen
10:30 Double-Bit Axe
10:45 Fishing Lines
14:11 Feudal Age
12:29 Loom
14:14 Gold Mining
14:15 Stone Mining
15:26 Bow Saw
19:42 Castle Age
18:29 Gold Shaft Mining
19:15 Stone Shaft Mining
20:40 Town Watch
21:15 Fletching
22:13 Bodkin Arrow
30:46 Scale Barding Armor
SY_Msfu
15:00 Feudal Age
15:47 Stone Mining
18:36 Castle Age
16:46 Loom
16:49 Town Watch
17:25 Double-Bit Axe
20:06 Bow Saw
19:36 Horse Collar
19:48 Gold Mining
the shy
4:46 Loom
12:35 Feudal Age
13:03 Double-Bit Axe
17:13 Gold Mining
17:22 Fletching
25:20 Castle Age
24:28 Padded Archer Armor
25:21 Horse Collar
25:42 Crossbowman
26:20 Bodkin Arrow
_XD_XiaoXiao
4:26 Loom
13:49 Feudal Age
17:44 Castle Age
17:29 Double-Bit Axe
21:06 Horse Collar
33:22 Bow Saw
Hommi
6:00 Loom
12:08 Feudal Age
12:55 Double-Bit Axe
20:41 Castle Age
19:48 Horse Collar
21:36 Medium Warships
23:08 Clinker Construction
29:35 Wheelbarrow
SbS | Havoc
4:27 Loom
12:57 Feudal Age
18:06 Castle Age
25:25 Scale Barding Armor
27:31 Horse Collar
31:17 Double-Bit Axe
Kold
8:47 Loom
14:52 Feudal Age
18:27 Castle Age
16:55 Double-Bit Axe
17:43 Gold Mining
18:11 Fishing Lines
19:32 Bow Saw
20:57 Gold Shaft Mining
22:18 Fervor
23:00 Sanctity
23:21 Gold Shaft Mining
25:05 Wheelbarrow
25:33 Redemption
26:15 Town Watch
30:55 Atonement
32:38 Horse Collar
Connection lost

Rejoining the realm…

Still unreachable

The connection could not be restored.

Session expired

The server has moved on; the page needs a fresh start.